AoeStats
← _xRegulusx_

Arena

508767770Analyzed
4v4 RM · 9d ago on Sep 24, 2026· 56m 14s· 8 players
Game mode
Random Map
Map size
Large (8 player)
Population
200
Speed
Normal
Resources
Standard
Victory
Conquest
Starting age
Dark Age
Ending age
Imperial Age
RankedLock teamsTeams togetherTeam positionsShared explorationLock speedFull tech treeHidden civsTurbo modeCheats
Victory
Defeat
🇲🇽 Saracens · Mexico
1569
+17
🇺🇸 Sicilians · United States
1557
+18
🇲🇽 Khmer · Mexico
1541
+18
🇧🇷 Varangians · Brazil
1509
+20
🇧🇷 Varangians · Brazil
1779
-25
🇧🇷 Persians · Brazil
1627
-20
🇧🇷 Italians · Brazil
1547
-16
🇧🇷 Gurjaras · Brazil
1433
-12
MenaChuuni
7:42 Loom
10:18 Feudal Age
11:06 Horse Collar
11:13 Double-Bit Axe
19:21 Castle Age
18:42 Stone Mining
19:27 Fletching
21:18 Bodkin Arrow
22:58 Padded Archer Armor
25:40 Leather Archer Armor
34:30 Imperial Age
33:08 Wheelbarrow
34:08 Ballistics
34:48 Cranequins
35:45 Bracer
37:01 Chemistry
36:42 Heavy Mounted Crossbowman
41:33 Scale Mail Armor
42:25 Forging
42:48 Chain Mail Armor
42:55 Siege Engineers
42:18 Pikeman
43:20 Squires
44:04 Plate Mail Armor
44:10 Iron Casting
43:02 Halberdier
44:35 Conscription
45:39 Elite Skirmisher
47:32 Heavy Plow
50:18 Blast Furnace
53:30 Bow Saw
CAXCAN
1:41 Loom
12:05 Feudal Age
14:53 Castle Age
12:41 Double-Bit Axe
13:11 Horse Collar
13:22 Man-at-Arms
15:08 Long Swordsman
18:20 Loom
28:42 Heavy Plow
29:02 Fortified Wall
30:13 Wheelbarrow
31:25 Hand Cart
35:12 Imperial Age
33:50 Fletching
37:38 Imperial Age
37:52 Ballistics
37:48 Heavy Scorpion
40:17 Siege Engineers
41:13 Chemistry
41:08 Bow Saw
41:09 Capped Ram
42:03 Siege Ram
45:47 Double Crossbow
47:52 Light Cavalry
48:43 Bloodlines
48:34 Husbandry
48:50 Scale Barding Armor
48:56 Forging
53:51 Conscription
54:20 Chain Barding Armor
54:36 Iron Casting
_xRegulusx_
9:23 Feudal Age
9:52 Double-Bit Axe
9:48 Horse Collar
16:45 Castle Age
18:29 Bow Saw
19:44 Wheelbarrow
23:59 Fletching
26:04 Gold Mining
27:29 Gold Shaft Mining
30:26 Imperial Age
28:05 Stone Mining
29:05 Hand Cart
29:29 Forging
29:30 Bloodlines
29:29 Loom
30:07 Heavy Plow
30:14 Scale Barding Armor
31:19 Iron Casting
31:43 Chain Barding Armor
32:02 Elite Mameluke
33:24 Conscription
33:59 Plate Barding Armor
33:57 Husbandry
35:23 Blast Furnace
34:06 Light Cavalry
35:33 Hussar
40:44 Chemistry
41:08 Bodkin Arrow
41:28 Counterweights
44:07 Two-Man Saw
46:39 Bracer
46:51 Masonry
47:02 Ballistics
47:36 Caravan
50:35 Elite Skirmisher
51:22 Thumb Ring
54:27 Padded Archer Armor
SeiyaPegasus
9:56 Feudal Age
11:15 Loom
13:50 Castle Age
12:01 Horse Collar
12:29 Double-Bit Axe
16:09 Bow Saw
20:28 Heavy Plow
21:46 Stone Mining
21:54 Gold Mining
22:45 Wheelbarrow
24:42 Hand Cart
28:16 Stone Shaft Mining
30:51 Imperial Age
28:33 Town Watch
29:03 Bloodlines
28:53 Husbandry
29:44 Forging
29:50 Scale Barding Armor
30:53 Elite Jarl
31:54 Chain Barding Armor
32:10 Iron Casting
33:39 Conscription
34:00 Plate Barding Armor
34:46 Fletching
37:27 Two-Man Saw
37:26 Guilds
37:18 Caravan
37:53 Bodkin Arrow
38:59 Blast Furnace
41:01 Chemistry
40:21 Ballistics
40:03 Bracer
40:09 Siege Engineers
42:03 Masonry
41:48 Murder Holes
47:34 Light Cavalry
49:32 Hussar
50:13 Padded Archer Armor
GAX | Elon Monks
10:34 Feudal Age
14:22 Castle Age
13:14 Double-Bit Axe
14:37 Horse Collar
15:30 Fletching
18:31 Bodkin Arrow
18:53 Loom
26:22 Town Watch
27:16 Wheelbarrow
29:23 Ballistics
30:21 Heavy Plow
33:20 Imperial Age
31:51 Stone Mining
32:04 Padded Archer Armor
32:17 Husbandry
33:40 Bow Saw
34:08 Bracer
34:42 Conscription
34:51 Leather Archer Armor
34:58 Cranequins
36:37 Heavy Mounted Crossbowman
38:20 Coinage
38:31 Bloodlines
40:21 Ring Archer Armor
39:51 Gold Mining
40:37 Stone Shaft Mining
42:46 Banking
42:29 Capped Ram
43:41 Masonry
44:32 Chemistry
43:42 Siege Engineers
44:38 Chemistry
44:26 Hand Cart
46:13 Siege Ram
47:36 Scale Mail Armor
47:47 Forging
48:02 Treadmill Crane
48:36 Elite Varangian Guard
49:17 Squires
49:48 Chain Mail Armor
50:08 Iron Casting
50:13 Arson
51:04 Plate Mail Armor
54:35 Elite Skirmisher
56:59 Two-Man Saw
PNLN | EAZY Magro
10:23 Feudal Age
9:24 Loom
15:00 Castle Age
13:17 Double-Bit Axe
14:11 Fletching
14:09 Horse Collar
20:34 Bow Saw
25:31 Town Watch
28:23 Heavy Plow
29:20 Gold Mining
30:21 Wheelbarrow
34:23 Imperial Age
32:48 Gold Shaft Mining
32:06 Stone Mining
32:54 Gold Shaft Mining
32:31 Scale Barding Armor
33:35 Chain Barding Armor
33:25 Forging
34:21 Bloodlines
34:12 Husbandry
34:17 Treadmill Crane
34:28 Heavy Camel Rider
35:50 Plate Barding Armor
36:02 Crop Rotation
36:31 Kshatriyas
39:48 Bodkin Arrow
39:59 Stone Mining
41:41 Light Cavalry
44:00 Frontier Guards
45:20 Iron Casting
44:07 Hussar
45:35 Masonry
51:19 Architecture
51:03 Bracer
52:13 Ballistics
51:49 Murder Holes
52:17 Caravan
53:51 Hand Cart
53:39 Town Patrol
55:04 Chemistry
56:47 Hoardings
GAX | BiduZera
10:28 Feudal Age
14:38 Castle Age
13:02 Double-Bit Axe
13:20 Horse Collar
15:23 Bow Saw
23:23 Heavy Plow
27:27 Imperial Age
25:50 Bloodlines
25:46 Scale Barding Armor
26:31 Wheelbarrow
26:04 Loom
26:57 Chain Barding Armor
27:25 Stone Mining
27:25 Gold Mining
27:18 Cavalier
28:38 Plate Barding Armor
29:37 Husbandry
29:50 Forging
30:57 Stone Shaft Mining
30:57 Gold Shaft Mining
31:01 Stone Shaft Mining
31:36 Conscription
32:10 Savar
33:13 Hand Cart
33:57 Town Watch
35:48 Chemistry
36:20 Elite Skirmisher
38:39 Two-Man Saw
38:10 Crop Rotation
40:15 Guilds
41:19 Masonry
41:31 Ballistics
41:06 Murder Holes
45:40 Iron Casting
46:57 Light Cavalry
47:54 Padded Archer Armor
47:45 Fletching
49:07 Leather Archer Armor
49:24 Bodkin Arrow
50:07 Hussar
52:44 Ring Archer Armor
52:20 Thumb Ring
53:31 Blast Furnace
54:18 Capped Ram
GAX | lee17-han
10:56 Feudal Age
11:57 Double-Bit Axe
14:49 Castle Age
12:43 Horse Collar
13:05 Fletching
14:07 Loom
14:10 Town Watch
14:20 Gold Mining
16:07 Bow Saw
17:39 Bodkin Arrow
26:07 Padded Archer Armor
32:05 Imperial Age
30:15 Heavy Plow
32:32 Wheelbarrow
32:54 Bracer
34:52 Chemistry
35:16 Ballistics
36:57 Thumb Ring
37:43 Elite Skirmisher
38:55 Padded Archer Armor
39:27 Elite Genoese Crossbowman
40:42 Treadmill Crane
41:58 Conscription
41:56 Leather Archer Armor
42:49 Town Patrol
46:39 Crop Rotation
48:45 Hand Cart
Connection lost

Rejoining the realm…

Still unreachable

The connection could not be restored.

Session expired

The server has moved on; the page needs a fresh start.